 Dungeon Crawl Stone Soup version 0.19-a0-895-gdbd5520 (webtiles) character file.

15584 HenryFlower the Stickfighter (level 12, -3/106 HPs)
             Began as a Minotaur Gladiator on July 4, 2016.
             Was the Champion of Makhleb.
             Slain by a bone dragon (4 damage)
             ... on level 2 of the Abyss.
             The game lasted 00:23:18 (10789 turns).

HenryFlower the Stickfighter (Minotaur Gladiator)  Turns: 10789, Time: 00:23:19

Health: -3/106     AC: 15    Str: 25    XL:     12   Next: 2%
Magic:  11/11      EV: 14    Int:  5    God:    Makhleb [******]
Gold:   675        SH:  0    Dex: 16    Spells: 0 memorised, 11 levels left

rFire  . . .     SeeInvis .     a - +7 lajatang of Order {silver, rMut}
rCold  . . .     Gourm    .     x - +0 chain mail
rNeg   . . .     Faith    +     (shield currently unavailable)
rPois  +         Spirit   .     c - +1 hat
rElec  .         Dismiss  .     J - +0 cloak
rCorr  .         Reflect  .     y - +0 pair of gloves
rMut   +         Harm     .     (no boots)
SustAt .                        u - amulet of faith
MR     .....                    (no ring)
Stlth  ..........               e - ring of poison resistance

@: mighty, non-regenerating, diseased, not resistant to hostile enchantments,
extremely unstealthy
A: retaliatory headbutt, horns 2
a: Minor Destruction, Lesser Servant of Makhleb, Major Destruction, Greater
Servant of Makhleb, Renounce Religion


You were on level 2 of the Abyss.
You worshipped Makhleb.
Makhleb was exalted by your worship.
You were not hungry.

You visited 3 branches of the dungeon, and saw 11 of its levels.
You visited the Abyss 1 time.
You also visited: Sewer.

You collected 699 gold pieces.
You spent 24 gold pieces at shops.

Inventory:

Hand Weapons
 a - the +7 lajatang of Order (weapon) {silver, rMut}
   (You acquired it on level 2 of the Lair of Beasts)

   It protects you from mutation.
 Q - a +1 quarterstaff
Missiles
 d - 3 throwing nets
 N - 4 javelins (quivered)
Armour
 c - a +1 hat (worn)
 x - a +0 chain mail (worn)
 y - a +0 pair of gloves (worn)
 F - a steam dragon hide
 J - a +0 cloak (worn)
Jewellery
 e - a ring of poison resistance (left hand)
 h - an uncursed ring of ice
 p - an uncursed amulet of magic regeneration
 u - an amulet of faith (around neck)
Wands
 w - a wand of slowing (13/48)
 E - a wand of iceblast (0/15)
 L - a wand of flame (30/48)
Scrolls
 g - 8 scrolls of remove curse
 r - 3 scrolls of teleportation
 z - a scroll of amnesia
 B - a scroll of recharging
 C - 2 scrolls of identify
 H - a scroll of blinking
 I - a scroll of enchant weapon
 K - a scroll of fear
Potions
 i - 2 potions of ambrosia
 k - a potion of haste
 m - 2 potions of brilliance
 n - 2 potions of curing
 o - a potion of invisibility
 v - 4 potions of flight
 A - a potion of agility
 M - a potion of resistance
 O - 2 potions of cancellation
Books
 P - a book of Fire

   Spells                             Type                      Level
   a - Ignite Poison                  Fire/Transmutation/Poison    3
   b - Fireball                       Conjuration/Fire             5
   c - Bolt of Fire                   Conjuration/Fire             6
   d - Delayed Fireball               Conjuration/Fire             7
   e - Ring of Flames                 Charms/Fire                  7
Comestibles
 b - 5 fruits
 f - 7 bread rations
 l - 9 meat rations
 t - a royal jelly
 D - a slice of pizza
 G - 2 beef jerkies


   Skills:
 + Level 10.1 Fighting
 - Level 15.9 Staves
 - Level 2.0 Throwing
 + Level 9.6 Armour
 + Level 9.4 Dodging


You had 11 spell levels left.
You didn't know any spells.

Dungeon Overview and Level Annotations

Branches:
Dungeon (8/15)             Temple (1/1) D:4            Lair (2/6) D:8
  Swamp (0/4) Lair:2
  Snake: Lair:2-4    Spider: Lair:2-4

Altars:
Ashenzari
Cheibriados
Dithmenos
Elyvilon
Fedhas
Gozag
Hepliaklqana
Kikubaaqudgha
Makhleb
Nemelex Xobeh
Okawaru
Pakellas
Qazlal
Ru
Trog
Uskayaw
Vehumet
Xom
Yredelemnul
Zin
The Shining One

Shops:
D:5 =

Annotations:
Lair:2 Sonja


Innate Abilities, Weirdness & Mutations

You reflexively headbutt those who attack you in melee.
You have a pair of horns on your head.


Message History

The bone dragon bites you!!
* * * LOW HITPOINT WARNING * * *
The bone dragon misses you.
The bone dragon tramples you but does no damage.
Unknown command.
You hit the bone dragon but do no damage.
You headbutt the bone dragon!
The bone dragon is lightly damaged.
The bone dragon bites you.
* * * LOW HITPOINT WARNING * * *
The bone dragon claws you!
* * * LOW HITPOINT WARNING * * *
The bone dragon tramples you.
* * * LOW HITPOINT WARNING * * *
You hold your ground!
You feel very mighty all of a sudden. The bone dragon bites you.
* * * LOW HITPOINT WARNING * * *
The bone dragon claws you.
You die...

.#.
...##x#####
.... #. ....#
#.##.##.#..#
#..#.#..# ..
#...#.# # #
#....#..
.....
##hx...###.#.
# #D## ....#
## #@# ....#
### #..## .#
.#


You could see a bone dragon, an ancient zyme and a raiju.

Vanquished Creatures
  Gastronok (Lair:2)
  A hydra (Lair:1)
  A quicksilver dragon skeleton (Abyss:2)
  A catoblepas (Lair:2)
  A griffon (Lair:2)
  A black mamba (Lair:2)
  Joseph (D:8)
  A spiny frog (Lair:2)
  5 komodo dragons
  A large abomination (Abyss:2)
  9 blink frogs
  A raiju (Abyss:2)
  A wraith (D:8)
  6 yaks (Lair:1)
  6 hippogriffs
  A steam dragon (D:6)
  A basilisk (Lair:2)
  4 swamp worms (Lair:2)
  5 porcupines
  3 water moccasins
  A phantom (D:6)
  An orc warrior (D:6)
  A sky beast (D:7)
  2 black bears
  6 ogres
  2 centaurs
  3 wolves
  A crocodile (Lair:1)
  A big kobold (D:8)
  7 giant frogs
  2 scorpions
  A small abomination (Abyss:2)
  4 wights (D:8)
  An electric eel (Lair:2)
  A howler monkey (D:4)
  A crimson imp (D:7)
  A giant frog zombie (D:8)
  9 iguanas
  A centaur skeleton (D:5)
  2 giant frog skeletons
  Terence (D:3)
  7 hell rats (Lair:2)
  4 orc wizards
  6 worker ants
  11 sheep (Lair:2)
  A worker ant zombie (D:5)
  24 river rats
  19 adders
  3 shadow imps
  18 oozes
  2 adder skeletons
  4 worms
  A dart slug (D:1)
  10 giant geckos
  16 orcs
  22 giant cockroaches
  5 hobgoblins
  3 jackals (D:1)
  4 quokkas
  9 ball pythons
  3 bats
  A giant gecko skeleton (D:7)
  12 giant newts
  6 goblins
  A jackal skeleton (D:5)
  6 kobolds
  2 quokka zombies (D:6)
  11 rats
311 creatures vanquished.

Vanquished Creatures (others)
  A fungus (Lair:2)
  2 plants
3 creatures vanquished.

Grand Total: 314 creatures vanquished

Notes
Turn   | Place    | Note
-------+----------+-------------------------------------------
     0 | D:1      | HenryFlower the Minotaur Gladiator began the quest for the Orb.
     0 | D:1      | Reached XP level 1. HP: 18/18 MP: 0/0
    87 | D:1      | Reached skill level 4 in Staves
    87 | D:1      | Reached XP level 2. HP: 17/25 MP: 1/1
   408 | D:1      | Reached skill level 5 in Staves
   505 | D:1      | Reached XP level 3. HP: 19/30 MP: 2/2
  1362 | D:2      | Reached XP level 4. HP: 33/37 MP: 3/3
  1431 | D:2      | Reached skill level 6 in Staves
  1839 | D:3      | Found a radiant altar of Vehumet.
  2374 | D:3      | Reached XP level 5. HP: 42/42 MP: 4/4
  2475 | D:3      | Noticed Terence
  2487 | D:3      | Killed Terence
  2487 | D:3      | Reached skill level 7 in Staves
  3017 | D:4      | Found an oddly glowing altar of Pakellas.
  3017 | D:4      | Found a bloodstained altar of Trog.
  3017 | D:4      | Found a hazy altar of Hepliaklqana.
  3017 | D:4      | Found a blossoming altar of Fedhas.
  3017 | D:4      | Found a glowing golden altar of the Shining One.
  3017 | D:4      | Found an ancient bone altar of Kikubaaqudgha.
  3018 | D:4      | Found a shadowy altar of Dithmenos.
  3081 | D:4      | Found a staircase to the Ecumenical Temple.
  3121 | D:4      | Reached skill level 8 in Staves
  3170 | Temple   | Entered the Ecumenical Temple
  3186 | Temple   | Became a worshipper of Makhleb the Destroyer
  3211 | D:4      | Reached XP level 6. HP: 50/50 MP: 5/5
  3367 | D:4      | Found a glowing drain.
  3379 | Sewer    | Entered a sewer
  3642 | Sewer    | Reached * piety under Makhleb
  3780 | Sewer    | Reached ** piety under Makhleb
  3811 | Sewer    | Reached skill level 9 in Staves
  3927 | Sewer    | Reached *** piety under Makhleb
  3937 | Sewer    | Reached XP level 7. HP: 53/56 MP: 6/6
  4054 | D:4      | Reached skill level 10 in Staves
  4417 | D:5      | Entered Level 5 of the Dungeon
  4445 | D:5      | Reached skill level 11 in Staves
  4590 | D:5      | Found Ygiyzer's Jewellery Shoppe.
  4608 | D:5      | Bought a cursed amulet of inaccuracy for 24 gold pieces
  5061 | D:6      | Reached XP level 8. HP: 62/62 MP: 7/7
  5141 | D:6      | Found a stormy altar of Qazlal.
  5141 | D:6      | Found a sparkling altar of Nemelex Xobeh.
  5167 | D:6      | Reached **** piety under Makhleb
  5167 | D:6      | Reached skill level 12 in Staves
  5360 | D:6      | Found a shattered altar of Ashenzari.
  5856 | D:6      | Found a sparkling altar of Nemelex Xobeh.
  6015 | D:7      | Reached skill level 13 in Staves
  6130 | D:7      | Found a shimmering altar of Xom.
  6155 | D:7      | Found a sacrificial altar of Ru.
  6558 | D:8      | Reached XP level 9. HP: 68/68 MP: 8/8
  6574 | D:8      | Reached skill level 14 in Staves
  6859 | D:8      | Reached skill level 15 in Staves
  6967 | D:8      | Found a staircase to the Lair.
  6983 | D:8      | Reached ***** piety under Makhleb
  7016 | D:8      | Noticed Joseph
  7032 | D:8      | Killed Joseph
  7203 | D:8      | Reached skill level 1 in Armour
  7295 | Lair:1   | Entered Level 1 of the Lair of Beasts
  7295 | Lair:1   | Noticed a komodo dragon
  7309 | D:8      | Killed a komodo dragon
  7314 | D:8      | Reached XP level 10. HP: 33/77 MP: 9/9
  8084 | Lair:1   | Reached skill level 5 in Fighting
  8084 | Lair:1   | Reached skill level 5 in Dodging
  8318 | Lair:1   | Reached skill level 5 in Armour
  8613 | Lair:1   | Noticed a four-headed hydra
  8630 | Lair:1   | Killed a four-headed hydra
  8977 | Lair:1   | Reached XP level 11. HP: 44/92 MP: 10/10
  9435 | Lair:2   | Noticed a catoblepas
  9436 | Lair:2   | Identified a scroll of acquirement
  9446 | Lair:2   | Killed a catoblepas
  9639 | Lair:2   | Noticed Sonja
  9805 | Lair:2   | Reached ****** piety under Makhleb
  9837 | Lair:2   | Noticed a griffon
  9864 | Lair:2   | Killed a griffon
 10055 | Lair:2   | Noticed Gastronok
 10079 | Lair:2   | Killed Gastronok
 10575 | Lair:2   | Found a staircase to the Swamp.
 10656 | Lair:2   | Cast into level 2 of the Abyss (Sonja)
 10660 | Abyss:2  | Found a corrupted altar of Lugonu.
 10690 | Abyss:2  | Reached skill level 10 in Fighting
 10746 | Abyss:2  | Reached XP level 12. HP: 106/106 MP: 11/11
 10759 | Abyss:2  | Noticed a bone dragon
 10788 | Abyss:2  | HP: 5/106 [bone dragon (14)]
 10789 | Abyss:2  | HP: 1/106 [bone dragon (3)]
 10789 | Abyss:2  | Slain by a bone dragon

Vault maps used:
D:1:      saegor_arrival_simple_e, minivault_24, minmay_domino_4
D:2:      first_bread
D:3:      vehumet_crystals, uniq_terence
D:4:      grunt_temple_overflow_open, gup_sewer_entry_bubbles,
          kennysheep_generic_room_8
D:5:      serial_shops, nicolae_shop_window_shopping
D:6:      lemuel_coloured_pillars_altar, gammafunk_temple_overflow_pools,
          hangedman_decor_lopped, nemelex_dance_club_becter
D:7:      lemuel_crystal_altar, lemuel_round_altar
D:8:      hangedman_cross_stitches, lair_0_dummy, uniq_joseph
Temple:   corrupted_temple
Lair:1:   st_stairs_3
Lair:2:   nicolae_swamp_entry_splash_gauntlet, uniq_sonja, uniq_gastronok
Sewer:    sewer_frog_island_02

Skill      XL: |  1  2  3  4  5  6  7  8  9 10 11 |
---------------+----------------------------------+-----
Staves         | 4 5 6 8 9 11 13 15 | 15.9
Armour         | 2 6 9 |  9.6
Fighting       | 3 7 10 | 10.1
Dodging        | 4 6 9 |  9.4
Throwing       | |  2.0

Action                   |  1- 3 |  4- 6 |  7- 9 | 10-12 || total
-------------------------+-------+-------+-------+-------++-------
Melee: Quarterstaff      |    70 |   267 |   331 |   259 ||   927
       Headbutt          |    12 |    31 |    70 |   101 ||   214
       Lajatang          |       |       |       |   135 ||   135
Throw: Javelin           |       |       |       |     6 ||     6
Evoke: Wand              |       |       |       |     6 ||     6
  Use: Scroll            |     3 |    10 |    11 |     4 ||    28
       Potion            |       |       |     1 |     3 ||     4
 Stab: Sleeping          |     1 |       |       |       ||     1
  Eat: Chunk             |     1 |     9 |    11 |    13 ||    34
Armor: Leather armour    |    16 |       |       |       ||    16
       Scale mail        |     6 |   110 |    35 |       ||   151
       Chain mail        |       |       |    69 |   147 ||   216
Dodge: Dodged            |    35 |   134 |    98 |   137 ||   404
